| TOP OF THE 1ST |
|
Oklahoma City Dodgers batting - Pitching for Las Vegas 51s : LHP Ryan Price
|
|
Pitching: LHP Ryan Price
|
|
|
Batting: RHB Armando Galindo
|
0-0: Called Strike 0-1: Fly out, F7 (Flyball, 78D, EV 102.5 MPH)
|
|
Batting: RHB Terry Jarrells
|
0-0: Called Strike 0-1: Ball 1-1: Called Strike 1-2: Fly out, F7 (Line Drive, 7D, EV 92.5 MPH)
|
|
Batting: LHB Alex Ramos
|
0-0: Called Strike 0-1: Ball 1-1: Foul Ball, location: 2F 1-2: Foul Ball, location: 2F 1-2: Foul Ball, location: 2F 1-2: Foul Ball, location: 2F 1-2: Strikes out swinging
|
| Top of the 1st over - 0 runs, 0 hits, 0 errors, 0 left on base; Oklahoma City 0 - Las Vegas 0 |
| BOTTOM OF THE 1ST |
|
Las Vegas 51s batting - Pitching for Oklahoma City Dodgers : LHP Joel Beery
|
|
Pitching: LHP Joel Beery
|
|
|
Batting: RHB Jordan Martin
|
0-0: Called Strike 0-1: Ball 1-1: Fly out, F9 (Flyball, 89D, EV 105.6 MPH)
|
|
Batting: SHB Lewis Thorpe Jr.
|
0-0: Ball 1-0: SINGLE (Groundball, 6D, EV 98.1 MPH)
|
|
Batting: SHB Billy Encinias
|
0-0: Ball Lewis Thorpe Jr. steals 2nd base 1-0: Called Strike 1-1: SINGLE (Groundball, 6S, EV 73.8 MPH) (infield hit) Lewis Thorpe Jr. to third
|
|
Batting: SHB Josh Schultze
|
0-0: Called Strike Billy Encinias is caught stealing 2nd base 2-4 0-1: Ball 1-1: Called Strike 1-2: Ball 2-2: Ball 3-2: Foul Ball, location: 2F 3-2: Ground out 1-3 (Groundball, 13S, EV 66.2 MPH)
|
| Bottom of the 1st over - 0 runs, 2 hits, 0 errors, 1 left on base; Oklahoma City 0 - Las Vegas 0 |
| TOP OF THE 2ND |
|
Oklahoma City Dodgers batting - Pitching for Las Vegas 51s : LHP Ryan Price
|
|
Batting: RHB John Manocchio
|
0-0: Ball 1-0: Ball 2-0: Called Strike 2-1: Foul Ball, location: 2F 2-2: Ball 3-2: Foul Ball, location: 2F 3-2: Base on Balls
|
|
Batting: RHB John Hazen
|
0-0: Called Strike 0-1: Foul Ball, location: 2F 0-2: Strikes out swinging
|
|
Batting: RHB Steve Perez
|
0-0: Called Strike 0-1: Ball 1-1: Ball 2-1: Foul Ball, location: 2F 2-2: Hit by Pitch John Manocchio to second
|
|
Batting: RHB Matt Robert
|
0-0: Swinging Strike 0-1: Ball 1-1: Ball 2-1: Ball 3-1: Called Strike 3-2: Fielders Choice at 2nd, 1-4 (Groundball, 15S, EV 70.0 MPH) John Manocchio to third
|
|
Batting: LHB James Betron
|
0-0: Called Strike 0-1: Ball 1-1: Ball Matt Robert is caught stealing 2nd base 2-6
|
| Top of the 2nd over - 0 runs, 0 hits, 0 errors, 1 left on base; Oklahoma City 0 - Las Vegas 0 |
| BOTTOM OF THE 2ND |
|
Las Vegas 51s batting - Pitching for Oklahoma City Dodgers : LHP Joel Beery
|
|
Batting: LHB Adam Hairston
|
0-0: Called Strike 0-1: Ball 1-1: DOUBLE (Line Drive, 5D, EV 94.4 MPH)
|
|
Batting: RHB Leon Edwards
|
0-0: Called Strike 0-1: Foul Ball, location: 2F 0-2: SINGLE (Flyball, 3D, EV 99.4 MPH) Adam Hairston to third Runner from 3rd tries for Home, SAFE, throw by RF to home Leon Edwards to second
|
|
Batting: LHB Ben Goldstein
|
0-0: Foul Ball, location: 2F 0-1: Ball 1-1: Ball 2-1: Ball 3-1: Base on Balls
|
|
Batting: LHB Marc Durgin
|
0-0: Called Strike 0-1: Foul Ball, location: 2F 0-2: Ball 1-2: Fielders Choice at 2nd, 4-6 (Groundball, 4, EV 96.2 MPH) Leon Edwards to third
|
|
Batting: RHB Yoshiro Higuchi
|
0-0: Called Strike 0-1: Called Strike 0-2: Strikes out looking
|
|
Batting: RHB Jordan Martin
|
0-0: Foul Ball, location: 2F 0-1: Ball 1-1: Called Strike 1-2: Foul Ball, location: 2F 1-2: Ball 2-2: Ball 3-2: Base on Balls Marc Durgin to second
|
|
Batting: SHB Lewis Thorpe Jr.
|
0-0: Ball 1-0: Ball 2-0: Called Strike 2-1: Foul Ball, location: 2F 2-2: Foul Ball, location: 2F 2-2: Fielders Choice at 2nd, 6-4 (Groundball, 6, EV 97.5 MPH)
|
| Bottom of the 2nd over - 1 run, 2 hits, 0 errors, 3 left on base; Oklahoma City 0 - Las Vegas 1 |
| TOP OF THE 3RD |
|
Oklahoma City Dodgers batting - Pitching for Las Vegas 51s : LHP Ryan Price
|
|
Batting: LHB James Betron
|
0-0: Fly out, F8 (Flyball, 8LS, EV 83.1 MPH)
|
|
Batting: RHB Travis Bradfute
|
0-0: Ball 1-0: Ball 2-0: Foul Ball, location: 2F 2-1: Ground out 6-3 (Groundball, 6, EV 85.6 MPH)
|
|
Batting: RHB Armando Galindo
|
0-0: Ball 1-0: Swinging Strike 1-1: Foul Ball, location: 2F 1-2: Fly out, F7 (Flyball, 7, EV 81.9 MPH)
|
| Top of the 3rd over - 0 runs, 0 hits, 0 errors, 0 left on base; Oklahoma City 0 - Las Vegas 1 |
| BOTTOM OF THE 3RD |
|
Las Vegas 51s batting - Pitching for Oklahoma City Dodgers : LHP Joel Beery
|
|
Batting: SHB Billy Encinias
|
0-0: Ground out 4-3 (Groundball, 34, EV 106.9 MPH)
|
|
Batting: SHB Josh Schultze
|
0-0: Called Strike 0-1: Ball 1-1: Ball 2-1: Ball 3-1: Foul Ball, location: 2F 3-2: SINGLE (Groundball, 6D, EV 96.9 MPH)
|
|
Batting: LHB Adam Hairston
|
0-0: Called Strike 0-1: Ball 1-1: Ball 2-1: Grounds into double play, 6-4-3 (Groundball, 6, EV 98.1 MPH)
|
| Bottom of the 3rd over - 0 runs, 1 hit, 0 errors, 0 left on base; Oklahoma City 0 - Las Vegas 1 |
| TOP OF THE 4TH |
|
Oklahoma City Dodgers batting - Pitching for Las Vegas 51s : LHP Ryan Price
|
|
Batting: RHB Terry Jarrells
|
0-0: Swinging Strike 0-1: Ball 1-1: Ball 2-1: Ball 3-1: Ground out 4-3 (Groundball, 4, EV 104.4 MPH)
|
|
Batting: LHB Alex Ramos
|
0-0: SINGLE (Groundball, 4MD, EV 94.4 MPH)
|
|
Batting: RHB John Manocchio
|
0-0: Swinging Strike 0-1: Reached on error, E5 (Groundball, 56S, EV 89.4 MPH) Alex Ramos to second
|
|
Batting: RHB John Hazen
|
0-0: DOUBLE (Line Drive, 7LM, EV 92.5 MPH) Alex Ramos scores John Manocchio to third Runner from 3rd tries for Home, SAFE, throw by LF to home
|
|
Batting: RHB Steve Perez
|
0-0: Ball 1-0: Called Strike 1-1: Ground out 5-3 (Groundball, 56, EV 78.8 MPH)
|
|
Batting: RHB Matt Robert
|
0-0: Called Strike 0-1: Swinging Strike 0-2: Ball 1-2: Foul Ball, location: 2F 1-2: Strikes out swinging
|
| Top of the 4th over - 2 runs, 2 hits, 1 error, 1 left on base; Oklahoma City 2 - Las Vegas 1 |
| BOTTOM OF THE 4TH |
|
Las Vegas 51s batting - Pitching for Oklahoma City Dodgers : LHP Joel Beery
|
|
Batting: RHB Leon Edwards
|
0-0: Foul Ball, location: 2F 0-1: Ball 1-1: Called Strike 1-2: Ball 2-2: Ball 3-2: Foul Ball, location: 2F 3-2: Foul Ball, location: 2F 3-2: Fly out, F9 (Line Drive, 9D, EV 105.6 MPH)
|
|
Batting: LHB Ben Goldstein
|
0-0: Ball 1-0: Foul Ball, location: 2F 1-1: Called Strike 1-2: Ball 2-2: Strikes out looking
|
|
Batting: LHB Marc Durgin
|
0-0: Ball 1-0: Ball 2-0: Ball 3-0: Called Strike 3-1: Swinging Strike 3-2: Foul Ball, location: 2F 3-2: Foul Ball, location: 2F 3-2: Foul Ball, location: 2F 3-2: Fly out, F7 (Flyball, 7S, EV 93.1 MPH)
|
| Bottom of the 4th over - 0 runs, 0 hits, 0 errors, 0 left on base; Oklahoma City 2 - Las Vegas 1 |
| TOP OF THE 5TH |
|
Oklahoma City Dodgers batting - Pitching for Las Vegas 51s : LHP Ryan Price
|
|
Batting: LHB James Betron
|
0-0: Foul Ball, location: 2F 0-1: Ball 1-1: Foul Ball, location: 2F 1-2: SINGLE (Line Drive, 78S, EV 100.0 MPH)
|
|
Batting: RHB Travis Bradfute
|
0-0: Ball James Betron steals 2nd base 1-0: Called Strike 1-1: Swinging Strike 1-2: Strikes out swinging
|
|
Batting: RHB Armando Galindo
|
0-0: Ball James Betron steals 3rd base 1-0: Ball 2-0: SINGLE (Groundball, 15S, EV 67.5 MPH) (infield hit)
|
|
Batting: RHB Terry Jarrells
|
0-0: Ball 1-0: Ball 2-0: SINGLE (Line Drive, 34D, EV 103.1 MPH) James Betron scores Armando Galindo to second
|
|
Batting: LHB Alex Ramos
|
0-0: Ball 1-0: Called Strike 1-1: Foul Ball, location: 2F 1-2: Strikes out swinging
|
|
Batting: RHB John Manocchio
|
0-0: Called Strike 0-1: Ball 1-1: Ball 2-1: Ball 3-1: Ground out 2-3 (Groundball, 2L, EV 71.2 MPH)
|
| Top of the 5th over - 1 run, 3 hits, 0 errors, 2 left on base; Oklahoma City 3 - Las Vegas 1 |
| BOTTOM OF THE 5TH |
|
Las Vegas 51s batting - Pitching for Oklahoma City Dodgers : LHP Joel Beery
|
|
Batting: RHB Yoshiro Higuchi
|
0-0: Called Strike 0-1: Foul Ball, location: 2F 0-2: Foul Ball, location: 2F 0-2: Ball 1-2: Ground out 6-3 (Groundball, 6S, EV 85.6 MPH)
|
|
Batting: RHB Jordan Martin
|
0-0: Foul Ball, location: 2F 0-1: Foul Ball, location: 2F 0-2: Foul Ball, location: 2F 0-2: Ball 1-2: Foul Ball, location: 2F 1-2: Ball 2-2: Ball 3-2: DOUBLE (Line Drive, 78M, EV 106.9 MPH)
|
|
Batting: SHB Lewis Thorpe Jr.
|
0-0: Ball 1-0: Ball 2-0: Ball 3-0: Base on Balls
|
|
Batting: SHB Billy Encinias
|
0-0: Ball 1-0: Ball 2-0: Foul Ball, location: 2F 2-1: Swinging Strike 2-2: Ball 3-2: Strikes out swinging
|
|
Pitching: RHP Jim Ruleman
|
|
|
Batting: SHB Josh Schultze
|
0-0: Ball 1-0: Ball 2-0: Ground out 5-3 (Groundball, 56, EV 101.2 MPH)
|
| Bottom of the 5th over - 0 runs, 1 hit, 0 errors, 2 left on base; Oklahoma City 3 - Las Vegas 1 |
| TOP OF THE 6TH |
|
Oklahoma City Dodgers batting - Pitching for Las Vegas 51s : LHP Ryan Price
|
|
Batting: RHB John Hazen
|
0-0: Ground out U3 (Groundball, 34, EV 98.8 MPH)
|
|
Batting: RHB Steve Perez
|
0-0: Called Strike 0-1: Foul Ball, location: 2F 0-2: Strikes out swinging
|
|
Batting: RHB Matt Robert
|
0-0: Called Strike 0-1: Called Strike 0-2: Strikes out swinging
|
| Top of the 6th over - 0 runs, 0 hits, 0 errors, 0 left on base; Oklahoma City 3 - Las Vegas 1 |
| BOTTOM OF THE 6TH |
|
Las Vegas 51s batting - Pitching for Oklahoma City Dodgers : RHP Jim Ruleman
|
|
Batting: LHB Adam Hairston
|
0-0: Swinging Strike 0-1: Foul Ball, location: 2F 0-2: Foul Ball, location: 2F 0-2: Ball 1-2: SINGLE (Groundball, 25, EV 71.2 MPH) (infield hit)
|
|
Pinch Hitting: SHB Roberto Magne
|
0-0: Ball Adam Hairston steals 2nd base (no throw) 1-0: Foul Ball, location: 2F 1-1: Swinging Strike 1-2: Foul Ball, location: 2F 1-2: Ball 2-2: Strikes out looking
|
|
Batting: LHB Ben Goldstein
|
0-0: Ball 1-0: Swinging Strike 1-1: Ball 2-1: Foul Ball, location: 2F 2-2: Foul Ball, location: 2F 2-2: Foul Ball, location: 2F 2-2: Ball 3-2: Foul Ball, location: 2F 3-2: Foul Ball, location: 2F 3-2: Base on Balls
|
|
Batting: LHB Marc Durgin
|
0-0: Ball Adam Hairston steals 3rd base Ben Goldstein to second 1-0: Foul Ball, location: 2F 1-1: Ball 2-1: Fly out, F8 (Flyball, 8LXD, EV 101.9 MPH) Runner from 3rd tags up, SCORES, no throw by CF
|
|
Batting: RHB Yoshiro Higuchi
|
0-0: Ground out 5-3 (Groundball, 56S, EV 85.6 MPH)
|
| Bottom of the 6th over - 1 run, 1 hit, 0 errors, 1 left on base; Oklahoma City 3 - Las Vegas 2 |
| TOP OF THE 7TH |
|
Oklahoma City Dodgers batting - Pitching for Las Vegas 51s : LHP Ryan Price
|
|
Pitching: RHP Ian Wright
|
|
|
Now at 3B: Roberto Magne
|
|
|
Now at SS: Yoshiro Higuchi
|
|
|
Batting: LHB James Betron
|
0-0: Called Strike 0-1: Ball 1-1: Ball 2-1: Ball 3-1: Foul Ball, location: 2F 3-2: Ground out 5-3 (Groundball, 56, EV 101.9 MPH)
|
|
Batting: RHB Travis Bradfute
|
0-0: Called Strike 0-1: Swinging Strike 0-2: Strikes out swinging
|
|
Batting: RHB Armando Galindo
|
0-0: Called Strike 0-1: Ball 1-1: Fly out, F8 (Flyball, 89D, EV 101.2 MPH)
|
| Top of the 7th over - 0 runs, 0 hits, 0 errors, 0 left on base; Oklahoma City 3 - Las Vegas 2 |
| BOTTOM OF THE 7TH |
|
Las Vegas 51s batting - Pitching for Oklahoma City Dodgers : RHP Jim Ruleman
|
|
Pitching: RHP Alex Aguilar
|
|
|
Batting: RHB Jordan Martin
|
0-0: Ball 1-0: Called Strike 1-1: Swinging Strike 1-2: Foul Ball, location: 2F 1-2: Ball 2-2: Foul Ball, location: 2F 2-2: Foul Ball, location: 2F 2-2: Foul Ball, location: 2F 2-2: Ball 3-2: Ground out 4-3 (Groundball, 4, EV 103.1 MPH)
|
|
Batting: SHB Lewis Thorpe Jr.
|
0-0: Swinging Strike 0-1: Ground out U3 (Groundball, 3, EV 91.9 MPH)
|
|
Batting: SHB Billy Encinias
|
0-0: Ball 1-0: Ball 2-0: Foul Ball, location: 2F 2-1: Foul Ball, location: 2F 2-2: Foul Ball, location: 2F 2-2: Foul Ball, location: 2F 2-2: Ground out 2-3 (Groundball, 2L, EV 71.9 MPH)
|
| Bottom of the 7th over - 0 runs, 0 hits, 0 errors, 0 left on base; Oklahoma City 3 - Las Vegas 2 |
| TOP OF THE 8TH |
|
Oklahoma City Dodgers batting - Pitching for Las Vegas 51s : RHP Ian Wright
|
|
Batting: RHB Terry Jarrells
|
0-0: Called Strike 0-1: Called Strike 0-2: Strikes out swinging
|
|
Batting: LHB Alex Ramos
|
0-0: Ball 1-0: Foul Ball, location: 2F 1-1: DOUBLE (Flyball, 8RXD, EV 95.6 MPH)
|
|
Batting: RHB John Manocchio
|
0-0: Called Strike 0-1: Called Strike 0-2: Ball 1-2: Ball 2-2: Ball 3-2: Foul Ball, location: 2F 3-2: Strikes out swinging
|
|
Batting: RHB John Hazen
|
0-0: Foul Ball, location: 2F 0-1: DOUBLE (Flyball, 9LM, EV 100.6 MPH) Alex Ramos scores
|
|
Batting: RHB Steve Perez
|
0-0: Ball 1-0: Swinging Strike 1-1: Foul Ball, location: 2F 1-2: Ball 2-2: SINGLE (Line Drive, 89S, EV 87.5 MPH) John Hazen to third Runner from 3rd tries for Home, SAFE, throw by RF to home Steve Perez to second
|
|
Batting: RHB Matt Robert
|
0-0: Ball 1-0: Ground out 6-3 (Groundball, 56, EV 108.1 MPH)
|
| Top of the 8th over - 2 runs, 3 hits, 0 errors, 1 left on base; Oklahoma City 5 - Las Vegas 2 |
| BOTTOM OF THE 8TH |
|
Las Vegas 51s batting - Pitching for Oklahoma City Dodgers : RHP Alex Aguilar
|
|
Pitching: LHP Chris Bonfanti
|
|
|
Batting: SHB Josh Schultze
|
0-0: Foul Ball, location: 2F 0-1: Ground out 5-3 (Groundball, 56S, EV 81.9 MPH)
|
|
Pinch Hitting: RHB Steven Romanovsky
|
0-0: Ground out 6-3 (Groundball, 6, EV 91.9 MPH)
|
|
Batting: SHB Roberto Magne
|
0-0: Called Strike 0-1: Ball 1-1: Foul Ball, location: 2F 1-2: Ball 2-2: Ball 3-2: Reached on error, E5 (Groundball, 5, EV 97.5 MPH)
|
|
Batting: LHB Ben Goldstein
|
0-0: Ball 1-0: Ball 2-0: Called Strike 2-1: Ball 3-1: Called Strike 3-2: Foul Ball, location: 2F 3-2: Foul Ball, location: 2F 3-2: Strikes out swinging
|
| Bottom of the 8th over - 0 runs, 0 hits, 1 error, 1 left on base; Oklahoma City 5 - Las Vegas 2 |
| TOP OF THE 9TH |
|
Oklahoma City Dodgers batting - Pitching for Las Vegas 51s : RHP Ian Wright
|
|
Pitching: RHP Javier Perez
|
|
|
Now at 1B: Steven Romanovsky
|
|
|
Batting: LHB James Betron
|
0-0: Called Strike 0-1: Ball 1-1: Ball 2-1: Foul Ball, location: 2F 2-2: SOLO HOME RUN (Flyball, 9D, EV 97.5 MPH), Distance : 381 ft
|
|
Batting: RHB Travis Bradfute
|
0-0: Foul Ball, location: 2F 0-1: SINGLE (Groundball, 56D, EV 95.0 MPH)
|
|
Batting: RHB Armando Galindo
|
0-0: Foul Ball, location: 2F 0-1: Foul Ball, location: 2F 0-2: Foul Ball, location: 2F 0-2: Foul Ball, location: 2F 0-2: Ball 1-2: Foul Ball, location: 2F 1-2: Fly out, F9 (Flyball, 89D, EV 84.4 MPH)
|
|
Batting: RHB Terry Jarrells
|
0-0: Called Strike 0-1: Foul Ball, location: 2F 0-2: Ball 1-2: Ball 2-2: SINGLE (Groundball, 34, EV 108.1 MPH) Travis Bradfute to second
|
|
Batting: LHB Alex Ramos
|
0-0: Ball 1-0: Ball 2-0: Ball 3-0: Called Strike 3-1: Base on Balls Travis Bradfute to third Terry Jarrells to second
|
|
Pitching: RHP Justin Overlie
|
|
|
Batting: RHB John Manocchio
|
0-0: Called Strike 0-1: Ball 1-1: Swinging Strike 1-2: Foul Ball, location: 2F 1-2: Grounds into fielders choice 1-2 (Groundball, 13S, EV 68.8 MPH) Terry Jarrells to third Alex Ramos to second
|
|
Batting: RHB John Hazen
|
0-0: Swinging Strike 0-1: Swinging Strike 0-2: Foul Ball, location: 2F 0-2: Strikes out looking
|
| Top of the 9th over - 1 run, 3 hits, 0 errors, 3 left on base; Oklahoma City 6 - Las Vegas 2 |
| BOTTOM OF THE 9TH |
|
Las Vegas 51s batting - Pitching for Oklahoma City Dodgers : LHP Chris Bonfanti
|
|
Batting: LHB Marc Durgin
|
0-0: Called Strike 0-1: Fly out, F9 (Flyball, 9D, EV 93.1 MPH)
|
|
Batting: RHB Yoshiro Higuchi
|
0-0: Called Strike 0-1: Called Strike 0-2: Strikes out swinging
|
|
Batting: RHB Jordan Martin
|
0-0: Ball 1-0: Ball 2-0: Ball 3-0: Called Strike 3-1: SINGLE (Groundball, 5S, EV 74.4 MPH) (infield hit)
|
|
Pinch Runner at 1st Helge Jivotovsky:
|
|
|
Batting: SHB Lewis Thorpe Jr.
|
0-0: Ball 1-0: Ball 2-0: Ground out 4-3 (Groundball, 4, EV 103.1 MPH)
|
| Bottom of the 9th over - 0 runs, 1 hit, 0 errors, 1 left on base; Oklahoma City 6 - Las Vegas 2 |
|